 Dungeon Crawl Stone Soup version 0.14-a0-1444-g21dc12d (webtiles) character file.

293 July the Sneak (level 5, -6/24 HPs)
             Began as a Spriggan Enchanter on Dec 13, 2013.
             Was an Initiate of Ashenzari.
             Killed by divine providence
             ... invoked by an orc priest
              (17 damage)
             ... on Level 6 of the Dungeon.
             The game lasted 00:18:13 (4988 turns).

July the Sneak (Spriggan Enchanter)                 Turns: 4988, Time: 00:18:13

HP  -6/24        AC  3     Str  5      XL: 5   Next:  3%
MP  19/19        EV 18     Int 17      God: Ashenzari [......]
Gold 152         SH  0     Dex 16      Spells:  2 memorised, 11 levels left

rFire  . . .     SeeInvis +     i - +0 short sword
rCold  . . .     Clarity  .     b - +1 robe
rNeg   . . .     Conserve .     (shield restricted)
rPois  .         rCorr    .     (helmet restricted)
rElec  .         rRot     .     (no cloak)
SustAb . .       Spirit   .     (gloves unavailable)
rMut   .         Warding  .     (boots unavailable)
Saprov . . .     Stasis   .     (no amulet)
                                t - ring of sustenance {unknown}
                                k - ring of protection from magic {unknown}

@: very quick, quite resistant to hostile enchantments, quite stealthy
A: unfitting armour, see invisible, herbivore 3, speed 3, slow metabolism 2
a: Renounce Religion


You were on level 6 of the Dungeon.
You worshipped Ashenzari.
Ashenzari was noncommittal.
You were not hungry.

You visited 2 branches of the dungeon, and saw 7 of its levels.

You collected 152 gold pieces.

Inventory:

Hand weapons
 a - a +1,+1 dagger
 i - a +0,+0 short sword (weapon)
Missiles
 d - 12 darts (quivered)
Armour
 b - a +1 robe (worn)
Magical devices
 z - a wand of fireball (3) {unknown}
Comestibles
 p - 3 bread rations
Scrolls
 f - 3 scrolls of remove curse
 g - a scroll of fear {unknown}
 h - a scroll of recharging {unknown}
 n - a scroll of noise {unknown}
 o - 6 scrolls of identify {unknown}
 r - 2 scrolls of enchant weapon II {unknown}
 s - 3 scrolls of enchant weapon I {unknown}
 v - a scroll of random uselessness {unknown}
 w - a scroll of curse armour
 y - a scroll of amnesia {unknown}
 A - a scroll of teleportation {unknown}
Jewellery
 k - a ring of protection from magic (left hand) {unknown}
 t - a ring of sustenance (right hand) {unknown}
 B - an uncursed amulet of rage
Potions
 e - a potion of porridge
 j - a potion of restore abilities {unknown}
 l - 2 potions of curing
 m - 2 potions of heal wounds {unknown}
 q - a potion of invisibility {unknown}
 u - a potion of agility {unknown}
 x - a potion of degeneration {unknown}
Books
 c - a book of Maledictions

   Spells                             Type                      Level
   *Corona                            Hexes                        1
   Sure Blade                         Hexes/Charms                 2
   *Ensorcelled Hibernation           Hexes/Ice                    2
   Confuse                            Hexes                        3
   Enslavement                        Hexes                        4
   Invisibility                       Hexes                        6


   Skills:
 - Level 1.1 Short Blades
 - Level 1.1 Throwing
 - Level 3.0 Dodging
 - Level 6.0 Stealth
 * Level 5.0 Spellcasting
 - Level 3.6 Hexes


You had 11 spell levels left.
You knew the following spells:

 Your Spells              Type           Power        Failure   Level  Hunger
m - Corona                Hex            ###....      3%          1    None
s - Ensorcelled Hibernat  Hex/Ice        ##....       12%         2    #......


Dungeon Overview and Level Annotations

Branches:
Dungeon (6/16)             Temple (1/1) D:4

Altars:
Ashenzari
Cheibriados
Elyvilon
Fedhas
Kikubaaqudgha
Makhleb
Nemelex Xobeh
Okawaru
Sif Muna
Xom
Yredelemnul
the Shining One

Annotations:
D:3 Ijyb
D:5 Yermak's ghost, experienced SpEn


Innate Abilities, Weirdness & Mutations

You are tiny and cannot use many weapons and most armour.
You have supernaturally acute eyesight.
You are a herbivore.
You cover ground extremely quickly.
You need consume almost no food.


Message History

Found 19 gold pieces and a meat ration.
Found 16 arrows and 17 exploding darts.
There is a stone staircase leading down here.
You climb downwards.
A jackal and 5 orcs come into view.
Found four items.
There is a stone staircase leading up here.
The orc wizard shouts!
The orc priest shouts!
The orc warrior shouts!
The jackal barks!
There is a stone staircase leading up here.
The jackal barely misses you.
The orc priest calls down the wrath of Beogh upon you.
Something smites you! The jackal closely misses you.
The orc priest prays to Beogh.
You feel troubled.
The orc priest invokes the aid of Beogh against you.
Something smites you!
Ouch! That really hurt!
You die...

#..[....#
#..o....#
#....oo.#
#(......#
#<.o....#
#.......#
#o%.....#
#.h..)..#
#@......#
#.......#
#.......#
#.......#
#.......#
#.......
#......
..####
..#


You could see an orc warrior, 2 orc priests, an orc wizard, an orc and a jackal.

Vanquished Creatures
  5 adders
  2 worms
  An ooze (D:3)
  4 orcs
  7 giant cockroaches
  8 goblins
  6 hobgoblins
  5 kobolds
  12 bats
  A giant gecko (D:2)
  17 jackals
  A kobold skeleton (D:5)
  5 rats
74 creatures vanquished.

Notes
Turn   | Place    | Note
--------------------------------------------------------------
     0 | D:1      | July, the Spriggan Enchanter, began the quest for the Orb.
     0 | D:1      | Reached XP level 1. HP: 9/9 MP: 4/4
   173 | D:1      | Reached skill level 4 in Stealth
   193 | D:1      | Reached XP level 2. HP: 10/13 MP: 7/7
   353 | D:1      | Found a glowing golden altar of the Shining One.
   782 | D:1      | Reached skill level 5 in Stealth
  1151 | D:2      | Reached XP level 3. HP: 8/16 MP: 9/9
  1726 | D:2      | Reached skill level 6 in Stealth
  1914 | D:2      | Learned a level 2 spell: Ensorcelled Hibernation
  2486 | D:3      | Reached XP level 4. HP: 7/21 MP: 14/14
  2964 | D:3      | Noticed Ijyb
  3647 | D:4      | Found a staircase to the Ecumenical Temple.
  3801 | D:4      | Noticed a phantom
  4690 | Temple   | Entered the Ecumenical Temple
  4713 | Temple   | Became a worshipper of Ashenzari the Shackled
  4839 | D:5      | Entered Level 5 of the Dungeon
  4940 | D:5      | Reached XP level 5. HP: 19/24 MP: 18/18
  4941 | D:5      | Noticed Yermak's ghost (experienced SpEn)
  4959 | D:5      | Reached skill level 5 in Spellcasting
  4982 | D:6      | Noticed an orc warrior
  4988 | D:6      | Killed from afar by an orc priest

Action                   |  1- 3 |  4- 6 || total
-------------------------+-------+-------++-------
Melee: Dagger            |    61 |    56 ||   117
       Short sword       |   158 |   182 ||   340
  Use: Potion            |       |     1 ||     1
 Stab: Sleeping          |     5 |     7 ||    12
       Distracted        |     1 |       ||     1
